Cogmind - Beta 14 @@@ ROGUE MODE // 2024.11.18 @ 14:45:23 Player: BEEEEES Result: Self-destructed Performance ------------- Evolutions (2) 1000 Regions Visited (3) 600 Robots Destroyed (18) 90 Value Destroyed (543) 543 Prototype IDs (1) 20 Alien Tech Used (0) 0 Bonus (0) 0 TOTAL SCORE: 2253 Bonus ------- None Cogmind --------- Core Integrity 312/550 Matter 300/300 Energy 100/100 System Corruption 0% Temperature Cool (0) Movement Hovering (115) Ox1 Location -8/Materials Parts ------- > --- POWER (1) -------- (None) > --- PROPULSION (3) --- Wheel Aerolev Unit > --- UTILITY (4) ------ Small Storage Unit Improved Signal Interpreter Utility Shielding > --- WEAPON (3) ------- Heavy Laser Katana > --- INVENTORY (8) ---- Light Ion Engine Aluminum Leg Aluminum Leg Structural Scanner Heavy Laser Peak State ------------ > --- POWER ------------ (None) > --- PROPULSION ------- Wheel Wheel Aerolev Unit > --- UTILITY ---------- Small Storage Unit Improved Signal Interpreter Utility Shielding > --- WEAPON ----------- Heavy Laser Heavy Laser Katana > --- INVENTORY -------- Light Ion Engine Aluminum Leg Aluminum Leg Structural Scanner Heavy Laser [Rating: 22] Favorites ----------- Power Ion Engine Engine Ion Engine Propulsion Aluminum Leg Leg Aluminum Leg Wheel Wheel Hover Unit Hover Unit Utility Small Storage Unit Device Seismic Detector Storage Small Storage Unit Processor Improved Signal Interpreter Protection Utility Shielding Weapon Assault Rifle Energy Gun Heavy Laser Energy Cannon Ion Cannon Ballistic Gun Assault Rifle Special Weapon Mining Laser Slashing Weapon Katana Build | -11 -10 -9 -8 ------- Run | Yrd Mat Mat Mat Slots Evolved 4 | . . 2 2 Power . | . . . . Propulsion 1 | . . . 1 Utility 2 | . . 1 1 Weapon 1 | . . 1 . Parts Attached 26 | 1 8 1 16 Power 3 | . 2 . 1 Engine 3 | . 2 . 1 Core . | . . . . Reactor . | . . . . Propulsion 9 | . 2 . 7 Treads . | . . . . Leg 2 | . . . 2 Wheel 4 | . 2 . 2 Hover 3 | . . . 3 Flight . | . . . . Utility 4 | 1 . . 3 Device 2 | 1 . . 1 Storage . | . . . . Processor 1 | . . . 1 Hackware . | . . . . Protection 1 | . . . 1 Artifact . | . . . . Weapon 10 | . 4 1 5 Energy Gun 3 | . . . 3 Energy Cannon 1 | . . . 1 Ballistic Gun 2 | . 2 . . Ballistic Cannon . | . . . . Launcher . | . . . . Special Weapon 3 | . 2 1 . Impact Weapon . | . . . . Slashing Weapon 1 | . . . 1 Piercing Weapon . | . . . . Special Melee Weapon . | . . . . Unidentified Prototypes 1 | . . . 1 Parts Lost 13 | . 1 6 6 Power 2 | . . 1 1 Propulsion 5 | . . 2 3 Utility 2 | . . 1 1 Weapon 4 | . 1 2 1 Highest Loss Streak 6 | . 1 6 3 To Critical Strikes . | . . . . Average Slot Usage (%) 78 | . 99 49 60 Engine 9 | . 14 6 4 Leg 13 | . 26 . . Wheel 3 | . 1 16 1 Hover 3 | . . . 10 Device 10 | . 14 9 6 Storage 11 | . 14 11 9 Processor 2 | . . . 8 Protection 3 | . . . 8 Energy Gun 1 | . . . 5 Energy Cannon 2 | . . . 5 Ballistic Gun 12 | . 23 5 . Special Weapon 2 | . 4 . . Peak Build Rating 22 | 7 7 6 22 Average Rating 8 | 6 6 4 12 On Entrance 5 | 6 7 6 1 Naked Turns . | . . . . Heaviest Build 18 | 14 14 12 18 Greatest Support 26 | 20 26 26 12 Greatest Overweight (x) 4 | . . 1 4 Average Overweight (x) . | . . . 1 Largest Inventory Capacity 8 | 8 8 8 8 Average Capacity 8 | 8 8 8 8 Most Carried 8 | 6 8 8 6 Average Carried 6 | 6 7 7 3 Final Capacity 8 | 8 8 8 8 Final Carried 8 | 6 8 7 5 Class Distribution -------------------- 95% | Mutant 4% | Tank Dominant Class ---------------- Mutant | -10/Materials Mutant | -9/Materials Mutant | -8/Materials Resources | -11 -10 -9 -8 ----------- Run | Yrd Mat Mat Mat Matter Collected 563 | 194 231 . 138 Remotely . | . . . . Salvage Created 713 | 81 354 12 266 Parts 39 | 3 22 2 12 Haulers Intercepted . | . . . . Recyclers Shooed 1 | 1 . . . Parts Field Recycled . | . . . . Retrieved Matter . | . . . . Parts Self-Destructed . | . . . . Prevented . | . . . . Kills | -11 -10 -9 -8 ------- Run | Yrd Mat Mat Mat Combat Hostiles Destroyed 13 | . 8 1 4 Melee 1 | . . . 1 Guns 10 | . 8 1 1 Cannons 1 | . . . 1 Classes Destroyed 8 | 2 2 1 3 Builder 1 | . . . 1 Tunneler 1 | 1 . . . Recycler 1 | 1 . . . Mechanic 1 | . . . 1 Watcher 1 | . 1 . . Swarmer 1 | . . 1 . Grunt 11 | . 8 . 3 Duelist 1 | . . . 1 Best Kill Streak 3 | 2 2 1 3 Combat Bots Only 2 | . 2 1 2 Max Kills in Single Turn 1 | 1 1 1 1 Gunslinging . | . . . . Exploded . | . . . . Melee 1 | . . . 1 Uniques/NPCs Destroyed . | . . . . Combat | -11 -10 -9 -8 -------- Run | Yrd Mat Mat Mat Hostile Shots Fired 202 | . 50 82 70 Missed 58 | . 16 23 19 Damage Taken 1851 | . 435 549 867 Core 598 | . 58 302 238 Absorbed by Shields . | . . . . Redirected to Shielding 28 | . . . 28 Core Remaining (%) 66 | 100 76 24 . Volleys Fired 71 | 6 42 5 18 Largest 3 | 2 2 1 3 Hottest 207 | 40 100 100 207 Shots Fired 118 | 12 79 5 22 Gun 95 | 12 74 3 6 Cannon 16 | . . . 16 Launcher . | . . . . Special 7 | . 5 2 . Kinetic 89 | 12 74 3 . Thermal 29 | . 5 2 22 Explosive . | . . . . Electromagnetic . | . . . . Robot Hit Streak 12 | 2 12 2 4 Robot Miss Streak 3 | 2 3 2 2 Penetration Max . | . . . . Secondary Targets . | . . . . Shots Hit Robots 80 | 7 49 2 22 Core Hits 38 | 4 23 1 10 Critical Kills 1 | . . . 1 Critical Parts Destroyed 1 | . 1 . . Critical Strikes 5 | . 1 . 4 Burn 1 | . . . 1 Meltdown 1 | . . . 1 Destroy 1 | . 1 . . Sever 2 | . . . 2 Melee Attacks 10 | . . . 10 Impact . | . . . . Slashing 10 | . . . 10 Piercing . | . . . . Sneak Attacks 2 | . . . 2 Combat Hostiles . | . . . . Follow-up Attacks . | . . . . Damage Inflicted 1277 | 68 534 39 636 Guns 651 | 68 516 9 58 Cannons 251 | . . . 251 Explosions . | . . . . Melee 300 | . . . 300 Ramming 51 | . 18 6 27 Kinetic 593 | 68 516 9 . Thermal 333 | . . 24 309 Explosive . | . . . . Electromagnetic . | . . . . Impact . | . . . . Slashing 300 | . . . 300 Piercing . | . . . . Highest Corruption 3 | . 3 2 . Average Corruption 2 | . 3 2 . Corruption Purged . | . . . . Corruption Blocked . | . . . . Effects 1 | . 1 . . Data Loss (minor) 1 | . 1 . . Overload Shots . | . . . . Overflow Damage . | . . . . Projectiles . | . . . . Explosions . | . . . . Melee . | . . . . Knockbacks . | . . . . Impact . | . . . . Kinetic . | . . . . Secondary . | . . . . Self-Inflicted Damage 19 | . 3 3 13 Shots . | . . . . Rammed 7 | . 1 1 5 Targets Rammed 15 | . 9 1 5 Kicked 8 | . 8 . . Crushed . | . . . . Highest Temperature 234 | . 26 16 234 Average Temperature 37 | . 9 9 82 Received Heat Transfer 675 | . 234 36 405 Siege Activations . | . . . . Robots Corrupted . | . . . . Combat Hostiles . | . . . . Parts Fried . | . . . . Impact Corruptions . | . . . . Robots Melted 1 | . . . 1 Combat Hostiles 1 | . . . 1 Parts Melted 3 | . . . 3 Heat Transferred 642 | . . 50 592 Parts Sabotaged . | . . . . Parts Stolen . | . . . . Parts Stripped . | . . . . Power Chain Reactions . | . . . . Alert | -11 -10 -9 -8 ------- Run | Yrd Mat Mat Mat Peak Influence 247 | 10 157 130 247 Initial 50 | . 6 39 50 Average 73 | 6 44 78 116 Maximum Alert Level 1 | . . . 1 Low Security (%) 95 | 100 100 100 87 Level 1 4 | . . . 12 Level 2 . | . . . . Level 3 . | . . . . Level 4 . | . . . . Level 5 . | . . . . High Security . | . . . . Max Security . | . . . . Squads Dispatched 6 | . 3 1 2 Investigation 1 | . 1 . . Extermination . | . . . . Reinforcement 5 | . 2 1 2 Assault . | . . . . Garrison . | . . . . Intercept . | . . . . Searches Triggered . | . . . . Construction Impeded . | . . . . Haulers Reinforced . | . . . . Active Scanning Responses . | . . . . Cargo Convoy Interrupts . | . . . . Stealth | -11 -10 -9 -8 --------- Run | Yrd Mat Mat Mat Distress Signals 4 | . 2 2 . Communications Jammed . | . . . . Distress Signals . | . . . . Times Spotted 44 | . 18 9 17 Peak Tracking Total 8 | . 4 6 8 Tactical Retreats 9 | . 3 3 3 Traps | -11 -10 -9 -8 ------- Run | Yrd Mat Mat Mat Traps Triggered . | . . . . Indirectly . | . . . . Trap Hack Attempts . | . . . . Triggered . | . . . . Disarmed . | . . . . Reprogrammed . | . . . . Reused . | . . . . Traps Extracted . | . . . . Installed . | . . . . Triggered . | . . . . Machines | -11 -10 -9 -8 ---------- Run | Yrd Mat Mat Mat Machines Disabled . | . . . . Max in Single Turn . | . . . . Machines Repaired . | . . . . Machines Dismantled . | . . . . Machines Sabotaged . | . . . . Overloaded Fab Kills . | . . . . Hacking | -11 -10 -9 -8 --------- Run | Yrd Mat Mat Mat Machines Accessed 4 | . 2 1 1 Terminals 4 | . 2 1 1 Fabricators . | . . . . Repair Stations . | . . . . Recycling Units . | . . . . Scanalyzers . | . . . . Garrison Access . | . . . . Total Hacks 8 | . 4 3 1 Successful 4 | . 2 1 1 Failed 4 | . 2 2 . Catastrophic . | . . . . Database Lockouts . | . . . . Manual 3 | . . 3 . Terminals 8 | . 4 3 1 Fabricators . | . . . . Repair Stations . | . . . . Recycling Units . | . . . . Scanalyzers . | . . . . Garrison Access . | . . . . Terminal Hacks 3 | . 2 . 1 Unreport Threat 1 | . 1 . . Locate Traps 1 | . 1 . . Hauler Manifests 1 | . . . 1 Fabricator Hacks . | . . . . Repair Station Hacks . | . . . . Recycling Unit Hacks . | . . . . Scanalyzer . | . . . . Garrison Access Hacks . | . . . . Unauthorized Hacks 1 | . . 1 . Terminals 1 | . . 1 . Botnet 1 | . . 1 . Fabricators . | . . . . Repair Stations . | . . . . Recycling Units . | . . . . Scanalyzers . | . . . . Garrison Access . | . . . . Data Cores Recovered . | . . . . Used . | . . . . Hacking Detections 4 | . 2 1 1 Full Trace Events 1 | . 1 . . Feedback Events . | . . . . Feedback Blocked . | . . . . Robot Schematics Acquired . | . . . . Robots Built . | . . . . Authchips . | . . . . Time . | . . . . Total Robot Build Rating . | . . . . Part Schematics Acquired . | . . . . Parts Built . | . . . . Authchips . | . . . . Time . | . . . . Total Part Build Rating . | . . . . Parts Repaired . | . . . . Time . | . . . . Parts Recycled . | . . . . Recycled Matter . | . . . . Retrieved Matter . | . . . . Retrieved Components . | . . . . Parts Scanalyzed . | . . . . Part Schematics Acquired . | . . . . Parts Damaged . | . . . . Bothacking | -11 -10 -9 -8 ------------ Run | Yrd Mat Mat Mat Used RIF Installer . | . . . . Robots Hacked . | . . . . Non-combat . | . . . . Combat . | . . . . Robot Hacks Applied . | . . . . Relay Couplers Released . | . . . . Fabnet Peak Effective % . | . . . . Robots Rewired . | . . . . Allies Hacked . | . . . . Hacks Repelled . | . . . . Allies | -11 -10 -9 -8 -------- Run | Yrd Mat Mat Mat Total Allies . | . . . . Largest Group . | . . . . Highest-Rated Group . | . . . . Highest-Rated Ally . | . . . . Total Orders . | . . . . Ally Attacks . | . . . . Total Damage . | . . . . Kills . | . . . . Allies Corrupted . | . . . . Allies Melted . | . . . . Intel | -11 -10 -9 -8 ------- Run | Yrd Mat Mat Mat Robot Analysis Total . | . . . . Derelict Logs Recovered . | . . . . Drone Launches . | . . . . Drone Recoveries . | . . . . Exploration | -11 -10 -9 -8 ------------- Run | Yrd Mat Mat Mat Turns Passed 1107 | 26 526 174 381 Spaces Moved 600 | 7 241 156 196 Core 69 | . . 47 22 Treads . | . . . . Legs 218 | 7 211 . . Wheels 141 | . 30 109 2 Hover 172 | . . . 172 Flight . | . . . . Fastest Speed 50 | 120 90 80 50 Average Speed 110 | 120 116 92 115 Slowest Speed 250 | 120 120 100 250 Overloaded Moves . | . . . . Propulsion Burnouts . | . . . . Robots Hopped . | . . . . Cave-ins Triggered . | . . . . Exploration Rate (%) 21 | 2 42 23 19 Regions Visited 3 Branch Regions . Pre-discovered Areas . | . . . . Known Exits Taken . | . . . . Unknown Exits Taken 3 | 1 1 1 . Scrap Searched . | . . . . Spaces Dug 4 | . 4 . . Terrain Destroyed 9 | . 5 1 3 Melee . | . . . . Projectile 9 | . 5 1 3 AOE . | . . . . Terrain Rammed . | . . . . Walls Destroyed . | . . . . Machines Disabled . | . . . . Actions | -11 -10 -9 -8 --------- Run | Yrd Mat Mat Mat Total 899 | 13 401 176 309 Wait 168 | . 94 14 60 Move 597 | 6 240 155 196 Hop . | . . . . Pick Up 6 | . 4 . 2 Fast Attach 10 | 1 . . 9 Attach 7 | . . 1 6 Detach 2 | . . . 2 Swap 9 | . 8 . 1 Drop 4 | . 4 . . Fire 71 | 6 42 5 18 Melee 10 | . . . 10 Ram 7 | . 1 1 5 Kick 8 | . 8 . . Crush . | . . . . Escape Stasis . | . . . . Rewire . | . . . . Trap . | . . . . Miscellaneous . | . . . . Route ------- -11/Scrapyard -10/Materials -9/Materials -8/Materials History --------- Turn | Location | Event 18 | -11/Scrapyard | Discovered new exit (range 3) 27 | -11/Scrapyard | Entered Materials 330 | -10/Materials | Build established: Mutant 548 | -10/Materials | Discovered new exit (range 4) 553 | -10/Materials | Entered another Materials area 553 | -9/Materials | Evolved 2 slots: Utility x1, Weapon x1 687 | -9/Materials | Core integrity fell below 50% 722 | -9/Materials | Discovered new exit (range 4) 727 | -9/Materials | Entered another Materials area 727 | -8/Materials | Evolved 2 slots: Propulsion x1, Utility x1 739 | -8/Materials | Lost 6 parts (1p2n1u2w) 949 | -8/Materials | Lost 3 parts (1p2n) 1108 | -8/Materials | Self-destructed Last Messages --------------- 01084_ Acquired Wheel. 01090_ C-30 ARC bursts open, deploying its payload. 01090_ B-36 Bruiser unfolds itself. 01090_ G-47 Trooper unfolds itself. 01090_ K-01 Serf collects debris. 01093_ G-47 Trooper Aluminum Leg severed. 01093_ Critical hit (Burn: +37). 01094_ K-01 Serf collects debris. 01101_ Hvy. Laser destroyed. 01101_ Knocked back. 01103_ G-47 Trooper destroyed. 01103_ K-01 Serf collects debris. 01104_ ALERT: Hostiles spotted, dispatching reinforcements to Terminal M005. 01104_ Wheel destroyed. 01105_ B-36 Bruiser Lgt. Treads severed. 01106_ K-01 Serf collects debris. 01108_ R-06 Scavenger collects Lgt. Nuclear Core. Map ----- +----------------------------------------------------+ | ?????????????????????????????????????????????????? | | ?????????????????????????????????????????????????? | | ?????????????????????????????????????????????????? | | ?????????????????????????????????????????????????? | | ?????????????????????????????????????????????????? | | ?????????????????????????????????????????????????? | | ?????????????????????????????????????????????????? | | ?????????????????????????????????????????????????? | | ?????????????????????????????????????????????????? | | ???????????????????????? ???????????????????????? | | ???????????????????????" ???????????????????????? | | ???????????????????????" ???????????????????????? | | ??????????????????????? ???????????????????????? | | ??????????????????????? ???????????????????????? | | ??????????????????????? ???????????????????????? | | ??????????????????? """" ???????????????????????? | | ????????????????????"""" +??????????????????????? | | ????????????????????"""" #??????????????????????? | | ????????????????????? #??????????????????????? | | ??????????????????????% #??????????????????????? | | ????????????????####??# #??????????????????????? | | ???????????????? ?# g #??????????????????????? | | ????????????????? """ # #??????????????????????? | | ????????????????? """ + g=#???#####??????????????? | | ??????????????????????# rb#####= #??????????????? | | ??????????????????????# @%Yguw! #??????????????? | | ??????????????????????# =k#####* #??????????????? | | ??????????????????????##+##???## ##??????????????? | | ??????????????????????? ??????# #???????????????? | | ??????????????????????? ??????# #???????????????? | | ?????????????????????? ??????# #???????????????? | | ?????????????????????? ?????## ##??????????????? | | ?????????????????????# ?????# #??????????????? | | ?????????????????????# ??????# #??????????????? | | ?????????????????????# ??????# #??????????????? | | ?????????????????????# ??????## ##??????????????? | | ?????????????????????# ???????# #####???????????? | | ?????????????????????# ???????# !!#???????????? | | ?????????????????????# ????????# !!#???????????? | | ???????????????????????????????# [[#???????????? | | ???????????????????????????????# [[#???????????? | | ???????????????????????????????# [ #???????????? | | ???????????????????????????????# #???????????? | | ???????????????????????????????# ########????????? | | ???????????????????????????????# ?? | | ???????????????????????????????## #######????????? | | ????????????????????????????????# #??????????????? | | ????????????????????????????????# #??????????????? | | ????????????????????????????????# #??????????????? | | ????????????????????????????????# #????????????? | +----------------------------------------------------+ Best States ------------- Heat Dissipation 31 Energy Generation 10 Energy Capacity 250 Matter Stores 300 Matter Capacity 300 Sight Range 16 Robot Scan Range 14 Terrain Scan Density 10 Utility Shielding 33 Evasion (%) 55 Item Schematics ----------------- None Robot Schematics ------------------ None Fabricated ------------ Nothing Alien Tech Used ----------------- None Achievements -------------- None Challenges ------------ None Game ------ Seed QuantumRingCharge Manual? 0 Play Time 00:16:13 Cumulative 15.2 hours Start 2024.11.18 @ 14:14:23 End 2024.11.18 @ 14:45:23 Sessions 1 Manual Loads 0 Difficulty Rogue Special Mode None Game No. 32 Rogue 29 Adventurer 3 Explorer 0 Win Type - Total 0 Types 0/0/0/0/0/0/0/0/0 Lore% 4 Gallery% 16 Achievement% 14 Wizard Run 0 Options --------- Layout 1 ASCII 0 Keyboard 0 Movement Arrows Keybinds 0 Fullscreen 2 Font 48/Terminus Map View 50x35 Zoom Use 0% Tactical HUD 1 Map Filters NONE Filters NONE Steam X RUN: 68a5fe6d-b0ba-457f-a855-35d977ca069c